 Dungeon Crawl Stone Soup version 0.30-a0-908-g5a111fc481 (webtiles) character file.

Game seed: 11123222140169370403

84182 funkygono the Severer (level 15, -3/145 HPs)
             Began as a Minotaur Fighter on Mar 19, 2023.
             Was a High Priest of Okawaru.
             Succumbed to a naga ritualist's toxic radiance
             ... on level 1 of the Snake Pit.
             The game lasted 00:40:35 (18537 turns).

funkygono the Severer (Minotaur Fighter)           Turns: 18537, Time: 00:40:36

Health: -3/145     AC: 41    Str: 27    XL:     15   Next: 34%
Magic:  17/17      EV: 12    Int:  7    God:    Okawaru [*****.]
Gold:   2669       SH:  9    Dex: 15    Spells: 14/14 levels left

rFire   . . .      SeeInvis .    e - +10 war axe "Iroqaap" {freeze, Will+ Dex+2}
rCold   . . .      Faith    .    c - +0 buckler
rNeg    . . .      Spirit   .    L - +3 plate armour
rPois   x          Reflect  .    g - +2 hat of the Mackerel {Int+2 Dex+2}
rElec   .          Rampage  .    s - +2 cloak
rCorr   .                        S - +3 pair of gauntlets of War {Slay+5}
Will    ++...                    E - +2 pair of boots Stlth
                                 (no amulet)
HPRegen 0.44/turn                x - +4 ring of protection
MPRegen 0.15/turn                t - +4 ring of slaying

@: lethally poisoned (-3 -> -28), heroic, poison vulnerable, studying 2 skills
A: horns 2, retaliatory headbutt
a: Renounce Religion, Heroism, Finesse, Duel


You were on level 1 of the Snake Pit.
You worshipped Okawaru.
Okawaru was extremely pleased with you.
You visited 5 branches of the dungeon, and saw 20 of its levels.

You collected 3363 gold pieces.
You spent 694 gold pieces at shops.

Inventory:

Hand Weapons
 a - the +5 executioner's axe of Okhlan {heavy, Fly rElec rC-}
   (Okawaru gifted it to you on level 1 of the Snake Pit)

   rC:        It makes you vulnerable to cold.
   rElec:     It insulates you from electricity.
   Fly:       It grants you flight.
 e - the +10 war axe "Iroqaap" (weapon) {freeze, Will+ Dex+2}
   (You acquired it on level 11 of the Dungeon)

   Dex:       It affects your dexterity (+2).
   Will:      It increases your willpower.
 I - a +3 war axe
Missiles
 b - 24 boomerangs (quivered)
 i - 3 curare-tipped darts
 v - 6 throwing nets
Armour
 c - a +0 buckler (worn)
 g - the +2 hat of the Mackerel (worn) {Int+2 Dex+2}
   (You acquired it on level 1 of the Lair of Beasts)

   Int:       It affects your intelligence (+2).
   Dex:       It affects your dexterity (+2).
 s - a +2 cloak (worn)
 E - a +2 pair of boots (worn)
 L - a +3 plate armour (worn)
 S - the +3 pair of gauntlets of War (worn) {Slay+5}
   (You acquired it on level 10 of the Dungeon)

   Slay:      It affects your accuracy & damage with ranged weapons and melee
   (+5).
Jewellery
 m - an amulet of faith
 t - a +4 ring of slaying (right hand)
 x - a +4 ring of protection (left hand)
 C - a ring of protection from cold
 F - a ring of resist corrosion
 O - a +6 ring of strength
 U - a ring of protection from fire
Wands
 r - a wand of flame (34)
 B - a wand of digging (12)
 D - a wand of roots (9)
 G - a wand of mindburst (5)
Scrolls
 k - 12 scrolls of teleportation
 l - 3 scrolls of magic mapping
 w - 3 scrolls of fear
 y - a scroll of blinking
 H - a scroll of identify
 K - 4 scrolls of fog
Potions
 d - 5 potions of might
 h - 2 potions of resistance
 j - 4 potions of ambrosia
 n - 3 potions of heal wounds
 o - a potion of cancellation
 q - 3 potions of flight
 u - 4 potions of mutation
 A - 9 potions of curing
 J - a potion of haste
 M - a potion of invisibility


   Skills:
 + Level 16.6(21.6) Fighting
 + Level 20.4(25.4) Axes
 + Level 3.2(8.2) Throwing
 + Level 15.4(20.4) Armour
 + Level 4.0(9.0) Dodging
 + Level 2.0(7.0) Stealth
 + Level 12.4(17.4) Shields
 + Level 5.1 Invocations
 + Level 1.9 Evocations


You had 14 spell levels left.
You didn't know any spells.
Your spell library contained the following spells:

 Spells                   Type           Power      Damage    Failure   Level
 Necrotise                Necr           0%         1d4       94%         1
 Shock                    Conj/Air       0%         1d3       94%         1
 Ensorcelled Hibernation  Hex/Ice        0%         N/A       98%         2
 Lesser Beckoning         Tloc           0%         N/A       98%         2
 Gell's Gravitas          Tloc           0%         N/A       100%        3
 Portal Projectile        Hex/Tloc       0%         N/A       100%        3
 Spider Form              Tmut/Pois      0%         N/A       100%        3
 Swiftness                Air            0%         N/A       100%        3
 Teleport Other           Tloc           0%         N/A       100%        3
 Vampiric Draining        Necr           0%         2d6       100%        3
 Vhi's Electric Charge    Tloc/Air       0%         N/A       100%        3
 Airstrike                Air            0%         2d(0-16)  100%        4
 Anguish                  Hex/Necr       0%         N/A       100%        4
 Leda's Liquefaction      Hex/Erth       0%         N/A       100%        4
 Agony                    Necr           0%         N/A       100%        5
 Arcjolt                  Conj/Air       0%         1d10      100%        5
 Maxwell's Capacitive Co  Air            0%         ∞         100%        8
 Summon Small Mammal      Summ           Unusable   N/A       N/A         1
 Call Canine Familiar     Summ           Unusable   N/A       N/A         3
 Summon Guardian Golem    Hex/Summ       Unusable   N/A       N/A         3

Dungeon Overview and Level Annotations

Branches:
Dungeon (11/15)            Temple (1/1) D:5            Lair (5/5) D:11
  Swamp (0/4) Lair:2        Snake (1/4) Lair:3        Slime (0/5) Lair:5
    Orc (2/2) D:11            Elf (0/3) Orc:2

Altars:
Ashenzari
Cheibriados
Dithmenos
Elyvilon
Fedhas
Gozag
Hepliaklqana
Kikubaaqudgha
Makhleb
Nemelex Xobeh
Okawaru
Qazlal
Ru
Sif Muna
Trog
Uskayaw
Vehumet
Wu Jian
Xom
Yredelemnul
Zin
The Shining One
Jiyva

Shops:
D:1 ?   D:7 :!?[(   D:11 *   Orc:2 ((!**   Snake:1 ([((

Annotations:
D:3 3 runed translucent doors, shadizar's ghost, amateur GnWn


Innate Abilities, Weirdness & Mutations

You have a pair of horns on your head.
You reflexively headbutt those who attack you in melee.


Message History

You hit the naga ritualist but do no damage.
You headbutt the naga ritualist!
The naga ritualist is severely wounded.
You slash the salamander! You freeze the salamander.
* * * LOW HITPOINT WARNING * * *
You feel very sick.
* * * LOW HITPOINT WARNING * * *
You are more poisoned.
The naga ritualist calls down the wrath of its god upon you.
You resist with almost no effort.
The salamander hits you but does no damage.
The naga ritualist spits poison at you. You block the splash of poison.
You feel much better.
You feel very sick.
* * * LOW HITPOINT WARNING * * *
You are more poisoned.
The salamander hits you but does no damage.
The naga ritualist invokes the aid of its god against you.
You resist with almost no effort.
The salamander hits you but does no damage.
You slice the salamander like a ripe choko!!!
You freeze the salamander. You headbutt the salamander!
The salamander is almost dead.
You hit the naga ritualist. You freeze the naga ritualist.
You feel very sick.
* * * LOW HITPOINT WARNING * * *
You are lethally poisoned!
You block the naga ritualist's attack. x2
The salamander hits you with a +0 glaive!
* * * LOW HITPOINT WARNING * * *
You are engulfed in flames!
* * * LOW HITPOINT WARNING * * *
You cut the salamander into ribbons!!! You freeze the salamander.
You kill the salamander!
Okawaru accepts your kill.
You slice the naga ritualist!! You freeze the naga ritualist.
You kill the naga ritualist!
Okawaru accepts your kill.
You die...

#.......#######
######...######
#############...##...
#....................
.###...####.........
##.).## ##........
#⌠..## #........
##.## #####+### #@#
#...))..≈≈≈.
#...'...≈≈≈.
##.#'#...≈..
###.##..... ⌠.. #....
#.. #8(# ##. ###


There were no monsters in sight!

Vanquished Creatures
  An orc warlord (Orc:2)
  Harold (D:11)
  10 hydras
  An anaconda (Snake:1)
  A two-headed ogre (D:11)
  Erica (D:11)
  2 boulder beetles
  12 death yaks
  4 orc high priests (Orc:2)
  A naga warrior (Snake:1)
  Sonja (Lair:2)
  5 shock serpents (Snake:1)
  A salamander mystic (Snake:1)
  Amaemon (D:9)
  2 skysharks (Lair:5)
  A naga ritualist (Snake:1)
  2 bog bodies (Lair:2)
  A wolf spider (Lair:5)
  2 salamanders (Snake:1)
  A cyclops (Orc:1)
  An orc sorcerer (Orc:2)
  Maurice (D:11)
  5 guardian serpents
  10 elephants
  24 black mambas
  2 naga magi (Snake:1)
  14 cane toads
  An orange demon (D:9)
  Maggie (D:7)
  5 rime drakes
  12 komodo dragons
  4 hornets
  13 polar bears
  3 trolls
  12 blink frogs
  A raiju (Lair:5)
  7 spriggans (Lair:1)
  A shadow (D:10)
  Sigmund (D:6)
  2 wraiths (D:9)
  22 yaks
  24 wyverns
  4 basilisks
  3 redbacks (Lair:5)
  2 vampire mosquitoes (D:9)
  A naga (Snake:1)
  3 swamp worms (D:8)
  10 wargs
  29 water moccasins
  2 acid dragons (D:9)
  14 hell hounds (Lair:5)
  22 orc warriors
  2 ice beasts
  20 black bears
  A sky beast (D:8)
  18 wolves
  3 ogres
  A phantom (D:6)
  2 centaurs
  A kobold brigand (D:8)
  14 bullfrogs
  15 wights
  21 killer bees
  2 howler monkeys
  2 electric eels
  Crazy Yiuf (D:2)
  7 jellies
  32 orc priests
  5 hounds
  2 iguanas (D:5)
  Natasha (thrice) (D:2)
  3 sleepcaps
  30 orc wizards
  8 hell rats (Lair:4)
  6 adders
  A white imp (D:7)
  2 ufetubi
  2 worms
  2 dart slugs
  63 orcs
  8 ball pythons
  5 endoplasms
  3 giant cockroaches
  11 goblins
  6 hobgoblins
  8 jackals
  7 quokkas
  4 bats
  4 frilled lizards
  15 kobolds
  6 rats
  A plant (D:11)
654 creatures vanquished.

Vanquished Creatures (others)
  17 fungi
  59 plants
76 creatures vanquished.

Grand Total: 730 creatures vanquished

Notes
Turn   | Place    | Note
-------+----------+-------------------------------------------
     0 | D:1      | funkygono the Minotaur Fighter began the quest for the Orb.
     0 | D:1      | Reached XP level 1. HP: 19/19 MP: 0/0
   101 | D:1      | Found Goideky's Magic Scroll Emporium.
   338 | D:1      | Reached XP level 2. HP: 27/27 MP: 1/1
   661 | D:1      | Reached skill level 3 in Axes
   814 | D:2      | Found a runed translucent door.
   815 | D:2      | Noticed Crazy Yiuf
   895 | D:2      | Reached XP level 3. HP: 33/33 MP: 2/2
  1006 | D:2      | Identified the +1 pair of gloves "Jemoptu" {-Cast rCorr
                  | Dex+5}
  1335 | D:2      | Found a faded altar of an unknown god.
  1392 | D:2      | Noticed Natasha
  1396 | D:2      | Killed Natasha
  1397 | D:2      | Reached XP level 4. HP: 40/40 MP: 3/3
  1447 | D:2      | Noticed Natasha
  1451 | D:2      | Killed Natasha
  1452 | D:2      | Reached skill level 4 in Axes
  1535 | D:2      | Killed Crazy Yiuf
  1645 | D:2      | Noticed Natasha
  1651 | D:2      | Killed Natasha
  1652 | D:2      | Reached XP level 5. HP: 43/46 MP: 4/4
  1817 | D:3      | Reached skill level 5 in Axes
  1868 | D:3      | Reached skill level 1 in Dodging
  1874 | D:3      | Found a runed translucent gate.
  1874 | D:3      | Found a runed translucent gate.
  1874 | D:3      | Found a runed translucent gate.
  1874 | D:3      | Noticed shadizar's ghost (amateur GnWn)
  2147 | D:3      | Noticed a black bear
  2151 | D:3      | Killed a black bear
  2152 | D:3      | Reached XP level 6. HP: 49/53 MP: 5/5
  2528 | D:4      | Reached skill level 6 in Axes
  2700 | D:4      | Found a snail-covered altar of Cheibriados.
  2704 | D:4      | Found a glowing golden altar of the Shining One.
  2707 | D:4      | Found a white marble altar of Elyvilon.
  2739 | D:4      | Reached skill level 5 in Armour
  2792 | D:4      | Reached XP level 7. HP: 42/60 MP: 6/6
  2858 | D:4      | Found a shimmering blue altar of Sif Muna.
  2928 | D:5      | Entered Level 5 of the Dungeon
  3072 | D:5      | Reached skill level 7 in Axes
  3250 | D:5      | Reached skill level 8 in Axes
  3335 | D:5      | Found a staircase to the Ecumenical Temple.
  3344 | D:5      | Reached skill level 5 in Fighting
  3347 | Temple   | Entered the Ecumenical Temple
  3354 | Temple   | Became a worshipper of Warmaster Okawaru
  3893 | D:6      | Reached skill level 9 in Axes
  3901 | D:6      | Reached XP level 8. HP: 68/68 MP: 7/7
  4062 | D:6      | Reached * piety under Okawaru
  4182 | D:6      | Noticed Sigmund
  4190 | D:6      | Killed Sigmund
  4191 | D:6      | Reached skill level 10 in Axes
  4829 | D:7      | Found Oligucam's Magic Scroll Shoppe.
  4829 | D:7      | Noticed a hornet
  4833 | D:7      | Paralysed by a hornet for 1 turns
  4840 | D:6      | Killed a hornet
  4841 | D:6      | Reached skill level 11 in Axes
  4841 | D:6      | Reached skill level 5 in Shields
  4849 | D:7      | Reached ** piety under Okawaru
  4855 | D:7      | Reached XP level 9. HP: 55/75 MP: 8/8
  4987 | D:7      | Found Qupt's Distillery.
  5004 | D:7      | Found Hivul's Book Shop.
  5263 | D:7      | Noticed Maggie
  5265 | D:7      | Found Qolituegh's Antique Armour Boutique.
  5275 | D:7      | Killed Maggie
  5276 | D:7      | Reached skill level 12 in Axes
  5408 | D:7      | Found Suaqupn's Antique Weapon Shoppe.
  5764 | D:8      | Reached skill level 13 in Axes
  5952 | D:8      | Identified the +0 leather armour "Motunil" {Harm Will+
                  | Slay+6}
  6058 | D:8      | Reached XP level 10. HP: 86/86 MP: 9/9
  6066 | D:8      | Reached skill level 1 in Invocations
  6601 | D:9      | Reached *** piety under Okawaru
  6745 | D:9      | Reached skill level 14 in Axes
  7008 | D:9      | Noticed Amaemon
  7009 | D:9      | Noticed an orange demon
  7021 | D:9      | Killed Amaemon
  7030 | D:9      | Killed an orange demon
  7030 | D:9      | Reached **** piety under Okawaru
  7304 | D:9      | Reached skill level 15 in Axes
  7523 | D:1      | Bought a scroll of acquirement for 624 gold pieces
  7698 | D:9      | Acquired a manual of Shields
  7799 | D:10     | Entered Level 10 of the Dungeon
  7905 | D:10     | Identified the +1 cloak "Janet" {Will- Str+7}
  7951 | D:10     | Reached XP level 11. HP: 95/95 MP: 8/11
  8406 | D:10     | Acquired the +3 pair of gauntlets of War {Slay+5}
  8406 | D:10     | Found the +3 pair of gauntlets of War {Slay+5}
  8488 | D:11     | Reached skill level 1 in Stealth
  8594 | D:11     | Noticed Erica
  8611 | D:11     | Killed Erica
  8736 | D:11     | Noticed Harold
  8744 | D:11     | Killed Harold
  8777 | D:11     | Noticed a two-headed ogre
  8782 | D:11     | Killed a two-headed ogre
  8832 | D:11     | Found a staircase to the Lair.
  8851 | D:11     | Reached skill level 16 in Axes
  8853 | D:11     | Reached ***** piety under Okawaru
  8915 | D:11     | Found Zacyw's General Store.
  8935 | D:11     | Noticed Maurice
  8963 | D:11     | Killed Maurice
  8964 | D:11     | Reached skill level 10 in Fighting
  9160 | D:11     | Found a staircase to the Orcish Mines.
  9436 | D:11     | Acquired the +10 war axe "Iroqaap" {freeze, Will+ Dex+2}
  9457 | Lair:1   | Entered Level 1 of the Lair of Beasts
  9580 | Lair:1   | Reached skill level 10 in Armour
  9620 | Lair:1   | Reached skill level 1 in Throwing
  9718 | Lair:1   | Noticed a seven-headed hydra
  9727 | Lair:1   | Killed a ten-headed hydra
  9733 | Lair:1   | Received a gift from Okawaru
  9735 | Lair:1   | Reached XP level 12. HP: 69/108 MP: 11/13
  9861 | Lair:1   | Reached skill level 17 in Axes
 10555 | Lair:1   | Acquired the +2 hat of the Mackerel {Int+2 Dex+2}
 10689 | Lair:2   | Noticed an eight-headed hydra
 10696 | Lair:2   | Killed an 11-headed hydra
 10705 | Lair:2   | Noticed a boulder beetle
 10710 | Lair:2   | Killed a boulder beetle
 10710 | Lair:2   | Received a gift from Okawaru
 10859 | Lair:2   | Found a staircase to the Swamp.
 10919 | Lair:2   | Noticed Sonja
 10924 | Lair:2   | Killed Sonja
 11287 | Lair:2   | Noticed a six-headed hydra
 11295 | Lair:2   | Killed a nine-headed hydra
 11856 | Lair:3   | Identified the +0 pair of gloves of Vanity {rC+ rN+ Will-
                  | Int+6} (Okawaru gifted it to you on level 3 of the Lair of
                  | Beasts)
 11856 | Lair:3   | Received a gift from Okawaru
 11938 | Lair:3   | Found a staircase to the Snake Pit.
 11944 | Lair:3   | Reached skill level 18 in Axes
 12071 | Lair:3   | Noticed a seven-headed hydra
 12079 | Lair:3   | Killed a nine-headed hydra
 12206 | Lair:3   | Reached XP level 13. HP: 108/119 MP: 14/14
 12888 | Lair:4   | Reached skill level 1 in Evocations
 13121 | Lair:4   | Identified the +0 plate armour of Okawaru's Regard {Rampage
                  | Fly} (Okawaru gifted it to you on level 4 of the Lair of
                  | Beasts)
 13121 | Lair:4   | Received a gift from Okawaru
 13681 | Lair:5   | Entered Level 5 of the Lair of Beasts
 13681 | Lair:5   | Found a viscous altar of Jiyva.
 13681 | Lair:5   | Found a staircase to the Slime Pits.
 13768 | Lair:5   | Reached skill level 10 in Shields
 14089 | Lair:5   | Received a gift from Okawaru
 14175 | Lair:5   | Reached skill level 19 in Axes
 14176 | Lair:5   | Reached XP level 14. HP: 129/132 MP: 13/16
 14279 | Lair:5   | Identified the +4 ring mail "Orcheimp" {Will++ Dex+3}
                  | (Okawaru gifted it to you on level 5 of the Lair of Beasts)
 14279 | Lair:5   | Received a gift from Okawaru
 14456 | Lair:5   | Identified the +8 flail of Exquisite Torment {antimagic,
                  | rElec Will+ Str-3 Int+4}
 14518 | Lair:5   | Identified the +7 battleaxe "Rinnunt" {venom, Str+3 Int-3}
 14573 | Lair:5   | Reached skill level 15 in Fighting
 15307 | Lair:5   | Received a gift from Okawaru
 15431 | Lair:5   | Identified the +10 falchion of Huicuj Gihu {heavy, rC+
                  | Will+ Str-4 Dex+5}
 15694 | Lair:5   | Acquired a manual of Dodging
 15830 | Orc:1    | Entered Level 1 of the Orcish Mines
 15936 | Orc:1    | Found a shimmering blue altar of Sif Muna.
 16078 | Orc:2    | Entered Level 2 of the Orcish Mines
 16092 | Orc:2    | Found Unuxigg's Weapon Emporium.
 16268 | Orc:2    | Reached skill level 15 in Armour
 16457 | Orc:2    | Reached skill level 20 in Axes
 16457 | Orc:2    | Reached XP level 15. HP: 87/144 MP: 14/17
 16905 | Orc:2    | Found a staircase to the Elven Halls.
 17088 | Orc:2    | Found Huduim's Weapon Emporium.
 17088 | Orc:2    | Found Odeum's General Store.
 17089 | Orc:2    | Found Ugganla's General Store.
 17093 | Orc:2    | Found Yneorim's Distillery.
 17097 | Orc:2    | Bought a potion of heal wounds for 70 gold pieces
 17549 | Snake:1  | Entered Level 1 of the Snake Pit
 17680 | Snake:1  | Found Heghunyih's Weapon Shop.
 17680 | Snake:1  | Found Ischah's Armour Boutique.
 17681 | Snake:1  | Found Ujemaomp's Antique Weapon Boutique.
 17685 | Snake:1  | Found Zeifaan's Antique Weapon Shop.
 18208 | Snake:1  | Identified the +5 executioner's axe of Okhlan {heavy, Fly
                  | rElec rC-} (Okawaru gifted it to you on level 1 of the
                  | Snake Pit)
 18208 | Snake:1  | Received a gift from Okawaru
 18213 | Snake:1  | Reached skill level 5 in Invocations
 18536 | Snake:1  | HP: 1/145 [salamander/+0 glaive (9)]
 18537 | Snake:1  | Succumbed to a naga ritualist's toxic radiance

Illustrated notes

Levels and vault maps discovered:
D:1:      roderic_octagonal_star, layout_loops_ring, serial_shops, shop
D:2:      layout_basic, shapermc_ecumenical_altar_mp_urbaneastern,
          grunt_ministairs_8, uniq_crazy_yiuf_cottage, uniq_natasha
D:3:      minmay_angry_zag, layout_loops_ring, ebering_ghost_rock_garden
D:4:      layout_basic, grunt_temple_overflow_diamond, amcnicky_altar_gilded
D:5:      layout_loops_ring, minmay_temple_entry_ruins
D:6:      layout_layer_cave, uniq_sigmund
D:7:      layout_rooms, serial_glass, glass_columns_a, glass_columns_a,
          serial_shops, shop, nicolae_shop_hallway_plus, nicolae_shop_stone,
          shop, nicolae_shop_crystal, uniq_maggie
D:8:      layout_cave_pods, worms_lemuel
D:9:      layout_loops_ring, uniq_amaemon
D:10:     layout_roguey
D:11:     layout_roguey, david_lair_generic, hiddenorc1_lemuel, serial_shops,
          nicolae_square_shop, uniq_harold, uniq_erica, uniq_maurice
Temple:   nicolae_temple_no_exploring_needed
Lair:1:   kb_forest_paths, layout_regular_city, grunt_megastairs_5
Lair:2:   layout_cave_pods, skrybe_swamp_entry_bodies,
          infiniplex_staircase_pool, grunt_megastairs_2, uniq_sonja
Lair:3:   layout_misc_corridors, minmay_snake_entry_six_corridors
Lair:4:   layout_misc_corridors, special_room [special_room_mythical_zoo],
          minivault_27, serial_bayou_lagoon_b, infiniplex_staircase_pool_2
Lair:5:   hangedman_lair_tendril_chambers, layout_hall_layers,
          hangedman_lair_caniforms_friends, nicolae_slime_entry_slimehenge,
          serial_rivers, chequers_serial_rivers_marsh,
          chequers_serial_rivers_room_b, chequers_serial_rivers_large_b,
          chequers_serial_rivers_micro_e
Snake:1:  nicolae_snake_unarmed_stairs_patrol, layout_grid_maze,
          nicolae_snake_gridmaze_swirls, nicolae_snake_omega, minmay_shoptagon
Orc:1:    layout_diamond_mine, led_sif_book
Orc:2:    st_orc_mages, layout_caves, serial_shops, nicolae_square_shop

Skill      XL: |  1  2  3  4  5  6  7  8  9 10 11 12 13 14 15 |
---------------+----------------------------------------------+-----
Shields        | 4 5 6 8 10 11 12 | 12.4
Armour         | 4 5 6 7 9 10 11 13 15 | 15.4
Axes           | 3 4 5 6 9 11 13 15 16 18 19 20 | 20.4
Fighting       | 4 5 7 8 10 12 14 16 | 16.6
Dodging        | 1 2 3 4 |  4.0
Invocations    | 1 2 3 4 5 |  5.1
Stealth        | 1 2 |  2.0
Throwing       | 1 2 3 |  3.2
Evocations     | 1 |  1.9

Action                     |  1- 3 |  4- 6 |  7- 9 | 10-12 | 13-15 || total
---------------------------+-------+-------+-------+-------+-------++-------
  Melee: War axe           |    69 |    94 |   186 |   344 |   532 ||  1225
         Headbutt          |     6 |    16 |    31 |    67 |   124 ||   244
  Throw: Dart              |       |       |       |     9 |       ||     9
         Boomerang         |       |       |       |     4 |     4 ||     8
 Invoke: Heroism           |       |       |     7 |    22 |    16 ||    45
         Finesse           |       |       |       |       |     4 ||     4
  Evoke: Wand              |       |       |       |       |     9 ||     9
    Use: Scroll            |       |    11 |     3 |    17 |     5 ||    36
         Potion            |       |       |       |       |     4 ||     4
 Armour: Scale mail        |    28 |    19 |       |       |       ||    47
         Chain mail        |       |    26 |   101 |    39 |       ||   166
         Plate armour      |       |       |       |   111 |   282 ||   393
  Dodge: Dodged            |    36 |    37 |    82 |   100 |   158 ||   413
  Block: Buckler           |     9 |    16 |    37 |    51 |   148 ||   261

Table legend: (Time is in decaauts)
 A = Elapsed time spent in this place.
 B = Non-inter-level travel time spent in this place.
 C = Inter-level travel time spent in this place.
 D = Time resting spent in this place.
 E = Time spent auto-exploring this place.
 F = Levels seen in this place.
 G = Mean time per level.
                   A        B        C        D        E       F      G
               +--------+--------+--------+--------+--------+-----+--------+
         Total |  18431 |  17297 |   1134 |    104 |  13997 |  20 |  921.5 |
       Dungeon |   9598 |   8833 |    765 |     11 |   7072 |  11 |  872.5 |
        Temple |     14 |      7 |      7 |      0 |      0 |   1 |   14.0 |
          Lair |   6281 |   5946 |    335 |     11 |   4979 |   5 | 1256.2 |
     Snake Pit |    969 |    969 |      0 |      0 |    878 |   1 |  969.0 |
  Orcish Mines |   1566 |   1541 |     25 |     82 |   1068 |   2 |  783.0 |
               +--------+--------+--------+--------+--------+-----+--------+

Top non-repeatable levels by time:
  Lair:5: 1982 daAuts
  Lair:2: 1353 daAuts
     D:6: 1173 daAuts
  Lair:1: 1171 daAuts
   Orc:2: 1133 daAuts
    D:11: 1121 daAuts
     D:8: 1028 daAuts
 Snake:1: 969 daAuts
     D:2: 957 daAuts
  Lair:4: 937 daAuts
     D:9: 904 daAuts
     D:3: 861 daAuts
     D:1: 857 daAuts
  Lair:3: 837 daAuts
     D:5: 810 daAuts
